 Dungeon Crawl Stone Soup version 0.20.1-1-g8b1a95d (webtiles) character file.

144 empire the Shield-Bearer (level 5, -2/47 HPs)
             Began as a Minotaur Fighter on Aug 10, 2017.
             Slain by a gnoll
             ... wielding a +2 flail of crushing
              (3 damage)
             ... on level 3 of the Dungeon.
             The game lasted 00:02:44 (1530 turns).

empire the Shield-Bearer (Minotaur Fighter)         Turns: 1530, Time: 00:02:45

Health: -2/47      AC:  7    Str: 25    XL:     5   Next: 5%
Magic:  0/4        EV:  9    Int:  5    God:
Gold:   145        SH: 10    Dex: 11    Spells: 4/4 levels left

rFire    . . .     SeeInvis .   a - +0 long sword
rCold    . . .     Gourm    .   c - +0 shield
rNeg     . . .     Faith    .   b - +0 scale mail
rPois    .         Spirit   +   e - +0 hat
rElec    .         Reflect  .   (no cloak)
rCorr    .         Harm     .   (no gloves)
MR       .....                  (no boots)
Stlth    ..........             j - amulet of guardian spirit
Regen    0.2/turn               (no ring)
MPRegen  0.1/turn               (no ring)

@: mighty
A: retaliatory headbutt, horns 2
a: no special abilities


You were on level 3 of the Dungeon.
You were not hungry.

You visited 1 branch of the dungeon, and saw 3 of its levels.

You collected 145 gold pieces.

Inventory:

Hand Weapons
 a - a +0 long sword (weapon)
Armour
 b - a +0 scale mail (worn)
 c - a +0 shield (worn)
 e - a +0 hat (worn)
Jewellery
 j - an amulet of guardian spirit (around neck)
 m - an uncursed ring of fire {unknown}
Scrolls
 g - 2 scrolls of recharging {unknown}
 i - 3 scrolls of identify {unknown}
 k - a scroll of fear {unknown}
Potions
 h - a potion of agility {unknown}
 l - a potion of haste {unknown}
 p - a potion of magic {unknown}
Comestibles
 f - 4 bread rations
 n - a meat ration
 o - a chunk of flesh


   Skills:
 + Level 4.4 Fighting
 + Level 3.4 Long Blades
 + Level 4.4 Armour
 + Level 2.1 Dodging
 + Level 4.5 Shields


You had 4 spell levels left.
You didn't know any spells.

Dungeon Overview and Level Annotations

Branches:
Dungeon (2/15)

Altars:

Annotations:
D:2 1 runed door


Innate Abilities, Weirdness & Mutations

You reflexively headbutt those who attack you in melee.
You have a pair of horns on your head.


Message History

You block the gnoll's attack.
The gnoll hits you with a flail of crushing.
* * * LOW HITPOINT WARNING * * *
x2 You hit the gnoll.
The gnoll is heavily wounded.
The gnoll hits you but does no damage.
Unknown command.
You barely miss the gnoll.
You headbutt the gnoll, but do no damage.
The gnoll is heavily wounded.
The gnoll hits you but does no damage.
Unknown command.
Your shield and scale mail prevent you from hitting the gnoll.
The gnoll is heavily wounded.
The gnoll hits you with a flail of crushing!
* * * LOW HITPOINT WARNING * * *
x2 Unknown command.
You feel very mighty all of a sudden.
The gnoll hits you with a flail of crushing.
You die...

#.#.## ...... #.#..#
...... ..##.## # ......
#####..# # .....
#####.##.# # ...
###..........#
##.####.....#.###..#
##.##.).....#.....#.....
......)@..........#.#..#
......g....##.#.#.#.#..#
...........##.#.#......#
.........####.#........#
.........# #.#.........
.........# ##.#......)..
.........# #..........#.
.!.......# #.##)......#.
#.##.......#.


You could see a gnoll.

Vanquished Creatures
  A hound (D:3)
  3 gnolls (D:3)
  3 adders
  A dart slug (D:1)
  3 leopard geckos
  3 ball pythons
  8 bats
  2 giant cockroaches (D:1)
  4 goblins
  9 hobgoblins
  4 jackals (D:1)
  4 kobolds
  4 rats
49 creatures vanquished.

Notes
Turn   | Place    | Note
-------+----------+-------------------------------------------
     0 | D:1      | empire the Minotaur Fighter began the quest for the Orb.
     0 | D:1      | Reached XP level 1. HP: 19/19 MP: 0/0
   127 | D:1      | Reached XP level 2. HP: 26/27 MP: 1/1
   308 | D:1      | Reached skill level 1 in Dodging
   315 | D:1      | Reached XP level 3. HP: 33/33 MP: 2/2
  1214 | D:2      | Found a runed door.
  1378 | D:2      | You fall through a shaft!
  1393 | D:3      | Reached XP level 4. HP: 40/40 MP: 3/3
  1525 | D:3      | Reached XP level 5. HP: 15/47 MP: 1/4
  1529 | D:3      | HP: 2/47 [gnoll/flail of crushing (10)]
  1530 | D:3      | Slain by a gnoll

Skill      XL: |  1  2  3  4 |
---------------+-------------+-----
Fighting       | 4 |  4.4
Dodging        | 1 2 |  2.1
Armour         | 4 |  4.4
Long Blades    | 3 |  3.4
Shields        | 4 |  4.5

Action                   |  1- 3 |  4- 6 || total
-------------------------+-------+-------++-------
Melee: Long sword        |    80 |    32 ||   112
       Headbutt          |    12 |     6 ||    18
  Use: Potion            |       |     1 ||     1
  Eat: Chunk             |       |     2 ||     2
Armor: Scale mail        |    39 |    12 ||    51
Dodge: Dodged            |    29 |     7 ||    36
Block: Shield            |    44 |    20 ||    64
       Rpst.: Long sword |     7 |     3 ||    10
